 Dungeon Crawl Stone Soup version 0.20.1-1-g8b1a95d (webtiles) character file.

16 Itsformetoplayit the Skirmisher (level 2, 0/28 HPs)
             Began as a Naga Berserker on Oct 17, 2017.
             Was a Follower of Trog.
             Slain by a giant cockroach (1 damage)
             ... on level 1 of the Dungeon on Oct 18, 2017.
             The game lasted 00:11:13 (908 turns).

Itsformetoplayit the Skirmisher (Naga Berserker)     Turns: 908, Time: 00:11:14

Health: 0/28       AC:  4    Str: 19    XL:     2   Next: 54%
Magic:  2/2        EV:  9    Int:  7    God:    Trog [*.....]
Gold:   30         SH:  0    Dex: 10    Spells: 1/1 levels left

rFire    + . .     SeeInvis +   t - +0 dagger (flame)
rCold    . . .     Gourm    .   (no shield)
rNeg     . . .     Faith    .   p - +2 leather armour {rF+}
rPois    +         Spirit   .   (no helmet)
rElec    .         Reflect  .   (no cloak)
rCorr    .         Harm     .   (no gloves)
MR       .....                  (no barding)
Stlth    +.........             r - amulet of inaccuracy (curse)
Regen    0.1/turn               (no ring)
MPRegen  0.1/turn               (no ring)

@: very slow
A: see invisible, deformed body, poison resistance, slowness 2, slow metabolism
1, spit poison 1, AC +0
a: Spit Poison, Berserk, Burn Spellbooks, Renounce Religion


You were on level 1 of the Dungeon.
You worshipped Trog.
Trog was aware of your devotion.
You were not hungry.

You visited 1 branch of the dungeon, and saw 1 of its levels.

You collected 30 gold pieces.

Inventory:

Hand Weapons
 a - a +0 falchion
 h - a +0 club
 i - a +0 spear
 j - a +0 mace
 l - a +0 dagger
 s - a +0 dagger
 t - a +0 dagger of flaming (weapon)
 v - a +0 hunting sling
 w - a +0 dagger
 x - a +0 short sword
Missiles
 k - 49 stones (quivered)
Armour
 b - a +0 animal skin
 e - a +0 ring mail
 p - a +2 leather armour of fire resistance (worn)
 u - a +0 robe
Jewellery
 r - a cursed amulet of inaccuracy (around neck)
Scrolls
 d - 2 scrolls of teleportation {unknown}
 o - 3 scrolls of fear {unknown}
Potions
 f - a potion of curing {unknown}
 m - a potion of mutation {unknown}
 n - a potion of ambrosia {unknown}
Comestibles
 c - 3 bread rations
 g - 3 chunks of flesh
 q - a meat ration


   Skills:
 + Level 3.4 Fighting
 + Level 3.2 Long Blades
 + Level 1.7 Armour
 + Level 1.7 Dodging


You had one spell level left.
You didn't know any spells.

Dungeon Overview and Level Annotations

Branches:
Dungeon (1/15)

Altars:


Innate Abilities, Weirdness & Mutations

You cannot wear boots.
Your serpentine skin is tough. (AC +0)
You have supernaturally acute eyesight. (SInv)
Armour fits poorly on your strangely shaped body.
Your system is resistant to poisons. (rPois)
You cover ground very slowly.
You have a slow metabolism.
You can spit poison.


Message History

The bat hits you but does no damage. The giant cockroach bites you.
* * * LOW HITPOINT WARNING * * *
The giant cockroach barely misses you. The bat hits you but does no damage.
The giant cockroach bites you but does no damage.
The bat barely misses you. The giant cockroach bites you.
* * * LOW HITPOINT WARNING * * *
The bat hits you but does no damage. The giant cockroach closely misses you.
The bat closely misses you. The giant cockroach barely misses you.
The bat barely misses you.
The giant cockroach bites you but does no damage.
The bat barely misses you. The giant cockroach barely misses you.
The giant cockroach closely misses you. The bat barely misses you.
The giant cockroach closely misses you. The bat hits you but does no damage.
The giant cockroach bites you.
* * * LOW HITPOINT WARNING * * *
The bat closely misses you. The giant cockroach barely misses you.
The bat hits you.
* * * LOW HITPOINT WARNING * * *
The giant cockroach bites you.
You die...

......##
.#.##..# # #.. .
#.#.# . #.#.# .
#.#.#### ..b...
# ....#
.##.###.#.# ##
........@..####.
..
.......s.......
##
#.#.####.######.
.. .........# ..
.........# ##
#.#.####.#
.........# #
#.#.####.# ..
#.####(########


You could see a giant cockroach and a bat.

Vanquished Creatures
  A giant cockroach (D:1)
  5 goblins (D:1)
  2 hobgoblins (D:1)
  3 kobolds (D:1)
  3 rats (D:1)
14 creatures vanquished.

Notes
Turn   | Place    | Note
-------+----------+-------------------------------------------
     0 | D:1      | Itsformetoplayit the Naga Berserker began the quest for the Orb.
     0 | D:1      | Reached XP level 1. HP: 21/21 MP: 1/1
   278 | D:1      | Reached XP level 2. HP: 22/28 MP: 2/2
   908 | D:1      | HP: 1/28 [bat (1)]
   908 | D:1      | Slain by a giant cockroach

Action                   || total
-------------------------++-------
Melee: Falchion          ||    15
       Dagger            ||    18
Throw: Stone             ||     8
Armor: Animal skin       ||     1
       Leather armour    ||    44
Dodge: Dodged            ||    44
       Rpst.: Falchion   ||     1
